 Dungeon Sprint DCSS version 0.30-a0-371-gad7725a93e (webtiles) character file.

Game seed: 2976199482469804372

150 mhtbhm the Chopper (level 5, -12/42 HPs)
             Began as an Octopode Berserker on Nov 20, 2022.
             Was a Priest of Trog.
             Killed from afar by a wizard (20 damage)
             ... with a fireball
             ... in the Dungeon (Sprint III: "The Ten Rune Challenge").
             The game lasted 00:00:54 (131 turns).

mhtbhm the Chopper (Octopode Berserker)              Turns: 131, Time: 00:00:55

Health: -12/42     AC:  1    Str: 19    XL:     5   Next: 32%
Magic:  5/5        EV: 15    Int:  9    God:    Trog [***...]
Gold:   34         SH:  0    Dex: 11    Spells: 4/4 levels left

rFire   . . .      SeeInvis .    a - +0 hand axe
rCold   . . .      Faith    .    (no shield)
rNeg    . . .      Spirit   .    (helmet restricted)
rPois   .          Reflect  .    (no amulet)
rElec   .          Harm     .    (no ring)
rCorr   .          Rampage  .    (no ring)
Will    .....      NoTele   +    (no ring)
Stlth   ++........               (no ring)
HPRegen 0.27/turn                (no ring)
MPRegen 0.09/turn                (no ring)
                                 (no ring)
                                 (no ring)

@: hasted, very quick
A: almost no armour, amphibious, 8 rings, camouflage 1, gelatinous body 1,
(nimble swimmer 1), tentacles
a: Renounce Religion, Berserk, Trog's Hand


You were in the Dungeon.
You worshipped Trog.
Trog was most pleased with you.
You visited 1 branch You collected 34 gold pieces.

Inventory:

Hand Weapons
 a - a +0 hand axe (weapon)
Scrolls
 f - 2 scrolls of immolation {unknown}
 g - a scroll of blinking
 i - a scroll of poison {unknown}
 j - a scroll of identify {unknown}
Potions
 b - a potion of curing
 e - 2 potions of magic
 h - a potion of invisibility {unknown}
 k - a potion of flight {unknown}
 l - 5 potions of mutation


   Skills:
 + Level 6.6 Fighting
 + Level 6.7 Axes
 + Level 6.5 Dodging
 + Level 0.6 Stealth


You had 4 spell levels left.
You didn't know any spells.
Your spell library was empty.

Dungeon Overview and Level Annotations

Branches:
Dungeon (1/1)

Altars:
Kikubaaqudgha
Sif Muna
Vehumet


Innate Abilities, Weirdness & Mutations

You cannot wear most types of armour.
You are amphibious.
You can wear up to eight rings at the same time.
Your skin changes colour to match your surroundings (Stealth+).
Your rubbery body absorbs attacks. (AC +1, EV +1)
((You are camouflaged when in or above water. (Stealth+)))
You have tentacles for arms and can constrict up to eight enemies at once.


Message History

You hear some strange, mumbled words.
The kobold demonologist casts a cantrip, but nothing happens.
The hellwing completely misses you. The hellwing hits you!
Unknown command.
Unknown command.
You closely miss the kobold demonologist.
Your grab misses the kobold demonologist.
The kobold demonologist is almost dead.
You closely miss the hellwing.
Unknown command.
You see here a book of the Tundra.
Press: ? - help, v - describe, . - travel
Here: a kobold demonologist, wielding a +0 dagger and wearing a +0 robe (almost dead)
A shimmering blue altar of Sif Muna.
Unknown command.
You closely miss the kobold demonologist.
Your grab misses the kobold demonologist.
You squeeze the kobold demonologist.
You kill the kobold demonologist!
Trog accepts your kill.
Trog appreciates your killing of a magic user.
The hellwing disappears in a puff of smoke!
The ice devil disappears in a puff of smoke!
Unknown command.
There is a shimmering blue altar of Sif Muna here.
Things that are here:
a +0 dagger; a +0 robe
There is an ancient bone altar of Kikubaaqudgha here.
You see here 12 gold pieces.
You see here a book of the Tundra.
You start resting.
Something hits you.
* * * LOW HITPOINT WARNING * * *
You start resting.
Something hits you.
* * * LOW HITPOINT WARNING * * *
You start resting.
You hear some strange, mumbled words.
A fireball appears from out of thin air!
The fireball explodes!
The fireball engulfs you!!
You die...

#.....†.#..#..#
##.##...#..#..###+#+###
##.###..##'#..#........
###.##..###...'.⌠......
#..##.†####...#...####
...##..###....#.⌠.#
..##...##.....#...#
.##....#.†....#{###
###..##.#.....#.@$# #
#.. ####....#___# ▓ ▓▓▓
▓▓▓▓▓▓▓▓▓▓


There were no monsters in sight!

Vanquished Creatures
  A scorpion (D)
  A water elemental (D)
  A human (D)
  A kobold demonologist (D)
  An endoplasm (D)
  3 rats (D)
8 creatures vanquished.

Notes
Turn   | Place    | Note
-------+----------+-------------------------------------------
     0 | D        | mhtbhm the Octopode Berserker began the quest for the Orb.
     0 | D        | Reached XP level 1. HP: 16/16 MP: 1/1
    33 | D        | Reached ** piety under Trog
    43 | D        | Noticed a scorpion
    46 | D        | Killed a scorpion
    47 | D        | Reached skill level 5 in Fighting
    47 | D        | Reached skill level 5 in Axes
    47 | D        | Reached skill level 5 in Dodging
    47 | D        | Reached XP level 2. HP: 24/24 MP: 2/2
    47 | D        | Reached XP level 3. HP: 29/29 MP: 3/3
    47 | D        | Reached XP level 4. HP: 35/35 MP: 4/4
    84 | D        | Noticed a water elemental
    99 | D        | Killed a water elemental
    99 | D        | Reached *** piety under Trog
   100 | D        | Reached XP level 5. HP: 35/42 MP: 5/5
   105 | D        | Found a radiant altar of Vehumet.
   105 | D        | Found a shimmering blue altar of Sif Muna.
   105 | D        | Found an ancient bone altar of Kikubaaqudgha.
   112 | D        | Noticed a hellwing
   114 | D        | Noticed an ice devil
   131 | D        | Killed from afar by a wizard

Illustrated notes

Levels and vault maps discovered:
D:        dungeon_sprint_mu [sprint_mu_entry_cave, sprint_mu_temple_rooms,
          sprint_mu_d1_horrors, sprint_mu_d2_genie, sprint_mu_d3_branching,
          sprint_mu_orc_legion, sprint_mu_elf_gauntlet, sprint_mu_hive_nellie,
          sprint_mu_lair_fedhas, sprint_mu_vaults_butterflies,
          sprint_mu_slime_circle, sprint_mu_swamp_cave, sprint_mu_snake_twists,
          sprint_mu_blade_basic, sprint_mu_crypt_chambers,
          sprint_mu_tomb_spiral, sprint_mu_vestibule_basic,
          sprint_mu_gehenna_hellfire, sprint_mu_dis_giant,
          sprint_mu_tartarus_statrot, sprint_mu_cocytus_islands, sprint_mu_zot1]

Skill      XL: |  1  2  3  4 |
---------------+-------------+-----
Fighting       | 5 6 |  6.6
Axes           | 5 6 |  6.7
Dodging        | 5 6 |  6.5
Stealth        | |  0.6

Action                   |  1- 3 |  4- 6 || total
-------------------------+-------+-------++-------
Melee: Hand axe          |     6 |    25 ||    31
       Tentacles         |     3 |     5 ||     8
       Constrict         |     2 |     1 ||     3
  Use: Potion            |     1 |     2 ||     3
 Stab: Sleeping          |       |     1 ||     1
Dodge: Dodged            |     1 |    10 ||    11

Table legend: (Time is in decaauts)
 A = Elapsed time spent in this place.
 B = Non-inter-level travel time spent in this place.
 C = Inter-level travel time spent in this place.
 D = Time resting spent in this place.
 E = Time spent auto-exploring this place.
 F = Levels seen in this place.
 G = Mean time per level.
                   A        B        C        D        E       F      G
               +--------+--------+--------+--------+--------+-----+--------+
         Total |    123 |    123 |      0 |     11 |     27 |   1 |  123.0 |
       Dungeon |    123 |    123 |      0 |     11 |     27 |   1 |  123.0 |
               +--------+--------+--------+--------+--------+-----+--------+

Top non-repeatable levels by time:
       D: 123 daAuts
